 Dungeon Crawl Stone Soup version 0.31-a0-831-g143b1e81fc (webtiles) character file.

Game seed: 10730048859247605029

67641 theswoord the Lord of Darkness (level 14, -25/115 HPs)
             Began as a Demonspawn Gladiator on Sept 25, 2023.
             Was the Champion of Kikubaaqudgha.
             Annihilated by Ecaiwiergh's ghost (27 damage)
             ... on level 1 of the Orcish Mines.
             The game lasted 00:36:42 (21910 turns).

theswoord the Lord of Darkness (DsGl)              Turns: 21910, Time: 00:36:44

Health: -25/115    AC: 18    Str: 15    XL:     14   Next: 83%
Magic:  3/14       EV: 18    Int: 14    God:    Kikubaaqudgha [******]
Gold:   1726       SH:  0    Dex: 21    Spells: 3/13 levels left

rFire   + + .        D - +8 demon whip (pain)
rCold   + . .        (no shield)
rNeg    + . .        P - +0 fire dragon scales
rPois   .            v - +2 hat
rElec   .            M - +2 cloak
rCorr   .            l - +0 pair of gloves
SInv    .            (no boots)
Will    +....        (no amulet)
Stlth   +            n - +5 ring of evasion
HPRegen 0.39/turn    o - ring of Nomathae {rC++ rN+ Str-2 Dex+6 Stlth+}
MPRegen 0.14/turn

%: no passive effects
@: mighty, death channelling, very slightly contaminated, hasted, very quick
A: hooves 1, repulsion field 2, ignite blood 1, spiny 3, clever 1, mutation
resistance 1
a: Renounce Religion, Unearth Wretches, Torment


You were on level 1 of the Orcish Mines.
You worshipped Kikubaaqudgha.
Kikubaaqudgha was exalted by your worship.
You visited 4 branches of the dungeon, and saw 18 of its levels.
You also visited: Sewer, Ossuary and Bailey.

You collected 1761 gold pieces.
You spent 35 gold pieces at shops.

Inventory:

Hand Weapons
 a - a +1 quarterstaff
 p - the +11 shortbow "Lesheptof" {freeze, Int+4 Dex+3}
   (You found it in a bailey)

   Int+4:     It affects your intelligence (+4).
   Dex+3:     It affects your dexterity (+3).
 D - a +8 demon whip of pain (weapon)
Missiles
 d - 11 throwing nets
 Q - 5 javelins
Armour
 g - a +0 chain mail
 l - a +0 pair of gloves (worn)
 v - a +2 hat (worn)
 C - +0 steam dragon scales
 F - a +0 cloak
 L - a +2 cloak
 M - a +2 cloak (worn)
 P - +0 fire dragon scales (worn)
Jewellery
 c - a ring of wizardry
 n - a +5 ring of evasion (left hand)
 o - the ring of Nomathae (right hand) {rC++ rN+ Str-2 Dex+6 Stlth+}
   (You acquired it on level 3 of the Dungeon)

   [ring of dexterity]

   Str-2:     It affects your strength (-2).
   Dex+6:     It affects your dexterity (+6).
   rC++:      It greatly protects you from cold.
   rN+:       It protects you from negative energy.
   Stlth+:    It makes you more stealthy.
 x - a +5 ring of evasion
 B - a +6 ring of strength
 E - a ring of see invisible
 N - the ring "Ecleupne" {Ice rCorr Str-3 Int+4 Dex+3}
   (You found it on level 5 of the Lair of Beasts)

   [ring of ice]

   Ice:       It enhances your ice magic.
   Str-3:     It affects your strength (-3).
   Int+4:     It affects your intelligence (+4).
   Dex+3:     It affects your dexterity (+3).
   rF-:       It makes you vulnerable to fire.
   rC+:       It protects you from cold.
   rCorr:     It protects you from acid and corrosion.
Wands
 t - a wand of light (12)
 u - a wand of mindburst (32)
 G - a wand of iceblast (12)
 I - a wand of paralysis (6)
 O - a wand of digging (4)
Scrolls
 i - 4 scrolls of poison
 w - a scroll of enchant armour
 y - 15 scrolls of teleportation
 z - 3 scrolls of fear
 A - 3 scrolls of vulnerability
 H - a scroll of immolation
 J - 13 scrolls of identify
 K - a scroll of amnesia
Potions
 b - a potion of ambrosia
 f - a potion of magic
 h - 6 potions of attraction
 j - a potion of degeneration
 k - 5 potions of resistance
 m - 4 potions of enlightenment
 q - 7 potions of curing
 r - 4 potions of lignification


   Skills:
 + Level 12.1 Fighting
 - Level 9.3(12.0) Maces & Flails
 - Level 12.0(13.2) Staves
 - Level 1.7 Throwing
 + Level 10.9 Armour
 - Level 2.6 Dodging
 + Level 14.8 Necromancy


You had 3 spell levels left.
You knew the following spells:

 Your Spells              Type           Power      Damage    Failure   Level
a - Animate Dead          Necr           41%        N/A       2%          4
b - Death Channel         Necr           20%        N/A       36%         6

Your spell library contained the following spells:

 Spells                   Type           Power      Damage    Failure   Level
 Necrotise                Necr           100%       1d9       1%          1
 Vampiric Draining        Necr           41%        2d8       1%          3
 Kiss of Death            Conj/Necr      80%        2d11      5%          1
 Sting                    Tmut/Pois      0%         1d3       71%         1
 Summon Small Mammal      Summ           0%         N/A       71%         1
 Poisonous Vapours        Pois/Air       0%         N/A       85%         2
 Call Canine Familiar     Summ           0%         N/A       97%         3
 Confusing Touch          Hex            0%         N/A       97%         3
 Summon Guardian Golem    Hex/Summ       0%         N/A       97%         3
 Dispel Undead            Necr           41%        3d16      2%          4
 Agony                    Necr           41%        N/A       7%          5
 Anguish                  Hex/Necr       10%        N/A       45%         4
 Borgnjor's Vile Clutch   Necr/Erth      10%        N/A       82%         5
 Olgreb's Toxic Radiance  Pois           0%         N/A       100%        4


Dungeon Overview and Level Annotations

Branches:
Dungeon (11/15)            Temple (1/1) D:4            Lair (5/5) D:10
 Shoals (0/4) Lair:3        Snake (0/4) Lair:3        Slime (0/5) Lair:4
    Orc (1/2) D:11          Sewer (visited)         Ossuary (visited)
 Bailey (visited)

Altars:
Ashenzari
Cheibriados
Dithmenos
Fedhas
Gozag
Hepliaklqana
Kikubaaqudgha
Makhleb
Nemelex Xobeh
Okawaru
Qazlal
Ru
Sif Muna
Trog
Uskayaw
Vehumet
Wu Jian
Xom
Yredelemnul
Jiyva

Shops:
D:5 ?   D:7 *

Annotations:
D:5 1 runed translucent door, WhatIsLove's ghost, novice DjFE
Lair:1 3 runed translucent doors, Pi314's ghost, journeyman DsGl
Orc:1 1 transporter, Ecaiwiergh's ghost, journeyman FeCK


Innate Abilities, Weirdness & Mutations

You have large cloven feet.
You are surrounded by a moderate repulsion field. (EV +3)
Your demonic aura sometimes causes spilled blood to erupt in flames.
You are completely covered in sharp spines.
Your mind is acute. (Int +4, Str/Dex -1)
You are somewhat resistant to further mutation.


Message History

Your spectral two-headed ogre barely misses Ecaiwiergh's ghost.
Your spectral orc warlord is engulfed in blazing flames.
You completely miss Ecaiwiergh's ghost.
Your spectral troll is engulfed in blazing flames.
Your spectral troll barely misses Ecaiwiergh's ghost.
Your spectral troll closely misses Ecaiwiergh's ghost.
Your spectral troll completely misses Ecaiwiergh's ghost.
Something hits your spectral orc priest!!
Your spectral orc priest is destroyed!
Ecaiwiergh's ghost hits you!
* * * LOW HITPOINT WARNING * * *
You miss Ecaiwiergh's ghost. Your kick misses Ecaiwiergh's ghost.
Your spectral troll barely misses Ecaiwiergh's ghost.
Your spectral troll completely misses Ecaiwiergh's ghost. x2
The ogre misses you.
Unknown command.
You closely miss Ecaiwiergh's ghost. Your kick misses Ecaiwiergh's ghost.
Your spectral two-headed ogre misses Ecaiwiergh's ghost.
Your spectral two-headed ogre closely misses Ecaiwiergh's ghost.
You miss Ecaiwiergh's ghost.
Your spectral troll is engulfed in blazing flames.
Your spectral troll completely misses Ecaiwiergh's ghost.
Your spectral troll barely misses Ecaiwiergh's ghost.
Your spectral troll misses Ecaiwiergh's ghost.
Ecaiwiergh's ghost hits you!!
* * * LOW HITPOINT WARNING * * *
You thrash Ecaiwiergh's ghost!! Your kick misses Ecaiwiergh's ghost.
Your spectral troll misses Ecaiwiergh's ghost.
Your spectral troll closely misses Ecaiwiergh's ghost.
Your spectral troll barely misses Ecaiwiergh's ghost.
You miss Ecaiwiergh's ghost. Your kick misses Ecaiwiergh's ghost.
Unknown command.
You closely miss Ecaiwiergh's ghost. You kick Ecaiwiergh's ghost.
Your spectral troll bites Ecaiwiergh's ghost.
Your spectral troll claws Ecaiwiergh's ghost.
Your spectral troll misses Ecaiwiergh's ghost.
The ogre is struck by your spines. The ogre misses you.
Ecaiwiergh's ghost hits you!!
You die...
Kikubaaqudgha rasps: "You have failed me!
Welcome... death!"

)#...............................
...............©.................
.....#.#...#########...........#.
......##..##8.}!??8##...........#
.......#..#........©#..#........#
.......#..#.#.....#.#.......##.##
.>...#.#..#..#...#..#..#....####
##........#....©Z)..#..##..##
..........#..#)Z@#o.#..#####
.##.......#.#.ZZWO#.#..#
###.......#....Z....#..#
..........##8.....8##..#
...........#########...#
...............©.......#
.....#................##
....#.............#####
....##.#.......[.[)..##


You could see an ogre, Ecaiwiergh's ghost (ally target), a friendly spectral orc
warrior, a friendly spectral orc warlord, a friendly spectral two-headed ogre
and 2 friendly spectral trolls.

Vanquished Creatures
  Gastronok (Lair:3)
  Kirke (Lair:3)
  An orc warlord (Orc:1)
  An ettin (Orc:1)
  A fire dragon (Lair:5)
  5 hydras
  Fannar (Orc:1)
  A catoblepas (Lair:5)
  6 death yaks
  2 boulder beetles (Lair:2)
  2 two-headed ogres
  Urug (Orc:1)
  An orc high priest (Orc:1)
  Amaemon (D:8)
  3 skysharks
  A lindwurm (Lair:5)
  An orc knight (Orc:1)
  2 orc sorcerers (Orc:1)
  A merfolk siren (Lair:3)
  8 black mambas
  12 elephants
  3 molten gargoyles (Lair:5)
  6 cane toads
  An orange demon (D:8)
  2 rime drakes
  A freezing wraith (D:11)
  9 komodo dragons
  2 ice devils (Orc:1)
  2 polar bears
  2 trolls (Orc:1)
  2 hornets
  3 merfolk (Lair:3)
  26 blink frogs
  A tyrant leech (Lair:1)
  9 dream sheep
  2 ynoxinuls (D:11)
  Eustachio (D:6)
  2 hogs (Lair:3)
  5 wyverns
  3 fire bats (Lair:5)
  48 yaks
  6 vampire mosquitoes (D:11)
  4 basilisks
  4 steam dragons
  4 wargs (Orc:1)
  3 swamp worms (Lair:1)
  4 hell hounds (Lair:5)
  An acid dragon (D:11)
  5 nagas (Lair:3)
  12 water moccasins
  12 orc warriors
  3 black bears
  An ice beast (D:8)
  29 wolves
  A blink frog zombie (Lair:4)
  2 ogres
  2 centaurs (D:8)
  A phantom (D:5)
  2 kobold brigands
  10 gnoll sergeants
  11 bullfrogs
  A scorpion (D:5)
  5 water moccasin zombies (Ossuary)
  13 wights
  A yak zombie (Lair:4)
  16 killer bees
  3 electric eels (Lair:4)
  5 howler monkeys
  5 lava snakes (Lair:5)
  A crimson imp (D:9)
  4 hounds
  9 gnoll boudas
  3 jellies
  13 orc priests
  An iron imp (D:8)
  Jessica (D:2)
  11 orc wizards
  2 iguanas
  A hell rat (Sewer)
  3 mummies
  40 gnolls
  9 adders
  4 river rats
  2 white imps
  12 ufetubi
  10 adder zombies (Ossuary)
  2 dart slugs
  2 worms (D:2)
  65 orcs
  10 ball pythons
  8 bats
  11 endoplasms
  4 giant cockroaches
  A gnoll zombie (Ossuary)
  10 goblins
  6 hobgoblins
  7 jackals
  17 kobolds
  A quokka (D:1)
  2 frilled lizards
  2 goblin zombies (D:8)
  5 hobgoblin zombies
  A kobold skeleton (D:8)
  11 kobold zombies
  An orc skeleton (D:8)
  7 orc zombies
  16 rats
664 creatures vanquished.

Vanquished Creatures (collateral kills)
  A boulder beetle (Lair:5)
  An elephant (Lair:4)
  A troll (Orc:1)
  A polar bear (Lair:5)
  3 blink frogs
  A ynoxinul (D:11)
  A wyvern (Lair:4)
  3 yaks
  2 basilisks
  An orc warrior (Orc:1)
  A wolf (Lair:4)
  An orc priest (Orc:1)
  An orc (Orc:1)
18 creatures vanquished.

Vanquished Creatures (others)
  A human (Lair:3)
  A cane toad zombie (Lair:4)
  3 blink frog zombies
  A warg zombie (Orc:1)
  A yak zombie (Lair:4)
  A kobold skeleton (D:8)
  A kobold zombie (D:8)
  An orc skeleton (D:8)
  6 orc zombies
16 creatures vanquished.

Grand Total: 698 creatures vanquished

Notes
Turn   | Place    | Note
-------+----------+-------------------------------------------
     0 | D:1      | theswoord the Demonspawn Gladiator began the quest for the
                  | Orb.
     0 | D:1      | Reached XP level 1. HP: 16/16 MP: 1/1
   120 | D:1      | Gained mutation: Your demonic aura sometimes causes spilled
                  | blood to erupt in flames. [demonic ancestry]
   120 | D:1      | Reached XP level 2. HP: 22/22 MP: 2/2
   333 | D:1      | Reached XP level 3. HP: 27/27 MP: 3/3
   801 | D:2      | Found an opulent altar of Gozag.
   802 | D:2      | Noticed Jessica
   808 | D:2      | Killed Jessica
   809 | D:2      | Reached XP level 4. HP: 30/33 MP: 4/4
   979 | D:2      | Reached skill level 5 in Staves
  1183 | D:2      | Gained mutation: You are surrounded by a mild repulsion
                  | field. (EV +2) [demonic ancestry]
  1183 | D:2      | Reached XP level 5. HP: 14/38 MP: 5/5
  1612 | D:2      | You fall into a shaft and drop 1 floor!
  1618 | D:3      | Found a hide-covered altar of Uskayaw.
  1928 | D:3      | Found a glowing drain.
  1942 | Sewer    | Entered a sewer
  2002 | Sewer    | Gained mutation: You are partially covered in sharp spines.
                  | [demonic ancestry]
  2002 | Sewer    | Reached XP level 6. HP: 44/44 MP: 6/6
  2057 | D:3      | Identified a scroll of acquirement
  2057 | D:3      | Acquired the ring of Nomathae {rC++ rN+ Str-2 Dex+6 Stlth+}
  2394 | D:4      | Noticed a fire elemental
  2396 | D:4      | Found a stormy altar of Qazlal.
  2397 | D:4      | Noticed a water elemental
  2397 | D:4      | Noticed an air elemental
  2496 | D:4      | Found a sand-covered staircase.
  2504 | Ossuary  | Entered an ossuary
  2533 | Ossuary  | Gained mutation: You have large cloven feet. [demonic
                  | ancestry]
  2533 | Ossuary  | Reached XP level 7. HP: 46/50 MP: 7/7
  2777 | D:4      | Found a staircase to the Ecumenical Temple.
  3126 | Temple   | Entered the Ecumenical Temple
  3142 | Temple   | Became a worshipper of Kikubaaqudgha
  3185 | D:5      | Entered Level 5 of the Dungeon
  3474 | D:5      | Noticed WhatIsLove's ghost (novice DjFE)
  3479 | D:5      | Found a runed translucent door.
  3666 | D:5      | Gained mutation: You are surrounded by a moderate repulsion
                  | field. (EV +3) [demonic ancestry]
  3666 | D:5      | Reached XP level 8. HP: 48/56 MP: 8/8
  3709 | D:5      | Found The Oracle's Delphic Readings.
  4177 | D:6      | Reached skill level 10 in Staves
  4240 | D:6      | Found a sparkling altar of Nemelex Xobeh.
  4279 | D:6      | Reached * piety under Kikubaaqudgha
  4279 | D:6      | Received a gift from Kikubaaqudgha
  4285 | D:6      | Learned a level 4 spell: Animate Dead
  4421 | D:6      | Noticed Eustachio
  4437 | D:6      | Killed Eustachio
  4667 | D:6      | Gained mutation: You are mostly covered in sharp spines.
                  | [demonic ancestry]
  4667 | D:6      | Reached XP level 9. HP: 61/61 MP: 9/9
  4786 | D:6      | Reached skill level 1 in Necromancy
  4791 | D:6      | Reached skill level 1 in Armour
  5253 | D:7      | Reached ** piety under Kikubaaqudgha
  5427 | D:7      | Found Ypurr's Assorted Antiques.
  5436 | D:7      | Bought a scroll labelled SAILYPL JEORIL for 35 gold pieces
  5442 | D:7      | Found an ornate altar of the Wu Jian Council.
  5522 | D:7      | Reached skill level 2 in Necromancy
  6308 | D:8      | Reached skill level 3 in Necromancy
  6313 | D:8      | Found a flagged portal.
  6322 | Bailey   | Entered a bailey
  6501 | Bailey   | Reached *** piety under Kikubaaqudgha
  6501 | Bailey   | Received a gift from Kikubaaqudgha
  6545 | Bailey   | Reached skill level 4 in Necromancy
  6545 | Bailey   | Gained mutation: You are completely covered in sharp
                  | spines. [demonic ancestry]
  6545 | Bailey   | Reached XP level 10. HP: 37/72 MP: 10/10
  6913 | Bailey   | Gained mutation: You are vulnerable to heat. (rF-) [potion
                  | of mutation]
  6913 | Bailey   | Gained mutation: Your mind is acute. (Int +4, Str/Dex -1)
                  | [potion of mutation]
  6913 | Bailey   | Lost mutation: Your mind is acute. (Int +4, Str/Dex -1)
                  | [potion of mutation]
  6914 | Bailey   | Lost mutation: You are vulnerable to heat. (rF-) [potion of
                  | mutation]
  6914 | Bailey   | Gained mutation: Your mind is acute. (Int +4, Str/Dex -1)
                  | [potion of mutation]
  6914 | Bailey   | Gained mutation: You are somewhat resistant to further
                  | mutation. [potion of mutation]
  7185 | Bailey   | Identified the +11 shortbow "Lesheptof" {freeze, Int+4
                  | Dex+3}
  7187 | Bailey   | Identified the +3 leather armour of the Zealous God {Int+4
                  | SInv}
  7383 | D:8      | Reached skill level 5 in Fighting
  7560 | D:8      | Found an iron altar of Okawaru.
  7560 | D:8      | Found a basalt altar of Yredelemnul.
  7565 | D:8      | Reached skill level 5 in Necromancy
  7613 | D:8      | Reached **** piety under Kikubaaqudgha
  7927 | D:8      | Noticed an orange demon
  8122 | D:8      | Killed an orange demon
  8228 | D:8      | Reached skill level 5 in Armour
  8228 | D:8      | Reached skill level 6 in Necromancy
  8387 | D:8      | Noticed Amaemon
  8418 | D:8      | Killed Amaemon
  8709 | D:9      | Reached skill level 1 in Maces & Flails
  8861 | D:9      | Noticed a two-headed ogre
  8867 | D:9      | Killed a two-headed ogre
  9127 | D:9      | Reached XP level 11. HP: 53/82 MP: 11/11
  9557 | D:9      | Reached skill level 7 in Necromancy
  9754 | D:10     | Entered Level 10 of the Dungeon
  9800 | D:10     | Found a staircase to the Lair.
 10044 | D:10     | Reached skill level 5 in Maces & Flails
 10523 | Lair:1   | Entered Level 1 of the Lair of Beasts
 10764 | Lair:1   | Reached ***** piety under Kikubaaqudgha
 10916 | Lair:1   | Reached skill level 8 in Necromancy
 11128 | Lair:1   | Noticed Pi314's ghost (journeyman DsGl)
 11130 | Lair:1   | Found a runed translucent gate.
 11131 | Lair:1   | Found a runed translucent gate.
 11146 | Lair:1   | Found a runed translucent gate.
 11849 | Lair:1   | Reached skill level 9 in Necromancy
 11918 | Lair:1   | Identified the +5 chain mail of a bazaar {rPois}
 12083 | Lair:2   | Noticed a boulder beetle
 12083 | Lair:2   | Found a hide-covered altar of Uskayaw.
 12083 | Lair:2   | Found an ornate altar of the Wu Jian Council.
 12100 | Lair:2   | Killed a boulder beetle
 12204 | Lair:2   | Reached XP level 12. HP: 69/89 MP: 12/12
 12516 | Lair:2   | Noticed a four-headed hydra
 12524 | Lair:2   | Killed a four-headed hydra
 12525 | Lair:2   | Reached skill level 10 in Necromancy
 12602 | Lair:2   | Noticed a boulder beetle
 12618 | Lair:2   | Killed a boulder beetle
 13541 | Lair:3   | Noticed a death yak
 13541 | Lair:3   | Noticed a death yak
 13541 | Lair:3   | Noticed a death yak
 13541 | Lair:3   | Noticed a death yak
 13541 | Lair:3   | Noticed a death yak
 13545 | Lair:3   | Noticed a death yak
 13554 | Lair:2   | Killed a death yak
 13570 | Lair:2   | Killed a death yak
 13608 | Lair:2   | Killed a death yak
 13609 | Lair:2   | Reached skill level 11 in Necromancy
 13614 | Lair:2   | Killed a death yak
 13621 | Lair:2   | Killed a death yak
 13784 | Lair:3   | Noticed an eight-headed hydra
 13792 | Lair:3   | Killed an eight-headed hydra
 13966 | Lair:3   | Noticed Gastronok
 13990 | Lair:3   | Killed Gastronok
 13991 | Lair:3   | Reached XP level 13. HP: 45/98 MP: 13/13
 14550 | Lair:3   | Noticed Kirke
 14576 | Lair:3   | Killed Kirke
 14577 | Lair:3   | Reached skill level 12 in Necromancy
 15258 | Lair:3   | Found a staircase to the Shoals.
 15288 | Lair:3   | Found a staircase to the Snake Pit.
 16461 | Lair:4   | Reached skill level 10 in Fighting
 16482 | Lair:4   | Reached skill level 13 in Necromancy
 16697 | Lair:4   | Reached ****** piety under Kikubaaqudgha
 17350 | Lair:4   | Found a viscous altar of Jiyva.
 17351 | Lair:4   | Found a staircase to the Slime Pits.
 17422 | Lair:4   | You fall into a shaft and drop 1 floor!
 17422 | Lair:5   | Entered Level 5 of the Lair of Beasts
 17426 | Lair:5   | Identified the ring "Ecleupne" {Ice rCorr Str-3 Int+4
                  | Dex+3}
 17458 | Lair:5   | Reached XP level 14. HP: 91/111 MP: 11/14
 17720 | Lair:2   | Learned a level 6 spell: Death Channel
 17991 | Lair:4   | Identified a +8 demon whip of pain (a +6 demon whip of
                  | venom bloodied by Kikubaaqudgha)
 17991 | Lair:4   | Received a gift from Kikubaaqudgha
 18503 | Lair:5   | Identified the +3 ring mail of Pride {Dex+2}
 18865 | Lair:5   | Reached skill level 10 in Armour
 19196 | Lair:5   | Reached skill level 14 in Necromancy
 19253 | Lair:5   | Found a large runed translucent door.
 19254 | Lair:5   | Found a large runed translucent door.
 20147 | D:11     | Found a staircase to the Orcish Mines.
 20772 | Orc:1    | Entered Level 1 of the Orcish Mines
 20778 | Orc:1    | Found a shimmering altar of Xom.
 20843 | Orc:1    | Noticed Fannar
 20866 | Orc:1    | Killed Fannar
 21016 | Orc:1    | Found a transporter.
 21019 | Orc:1    | Noticed an orc warlord
 21024 | Orc:1    | Noticed Ecaiwiergh's ghost (journeyman FeCK)
 21026 | Orc:1    | Found a transporter.
 21035 | Orc:1    | Noticed Urug
 21055 | Orc:1    | Killed Urug
 21900 | Orc:1    | Killed an orc warlord
 21907 | Orc:1    | HP: 2/115 [Ecaiwiergh's ghost (30)]
 21910 | Orc:1    | Annihilated by Ecaiwiergh's ghost

Skill      XL: |  1  2  3  4  5  6  7  8  9 10 11 12 13 14 |
---------------+-------------------------------------------+-----
Staves         | 3 4 5 6 7 9 11 12 | 12.0
Necromancy     | 4 6 9 11 13 14 | 14.8
Armour         | 3 5 7 9 10 | 10.9
Fighting       | 4 6 8 10 12 | 12.1
Maces & Flails | 3 8 9 |  9.3
Throwing       | |  1.7
Dodging        | |  2.6

Action                     |  1- 3 |  4- 6 |  7- 9 | 10-12 | 13-15 || total
---------------------------+-------+-------+-------+-------+-------++-------
  Melee: Quarterstaff      |    94 |   239 |   380 |   151 |       ||   864
         Kick              |       |       |   124 |   266 |   273 ||   663
         Demon whip        |       |       |       |   479 |   681 ||  1160
         Punch             |       |       |       |     6 |     7 ||    13
  Throw: Throwing net      |       |       |       |     7 |       ||     7
   Cast: Animate Dead      |       |       |       |       |     5 ||     5
         Death Channel     |       |       |       |       |     6 ||     6
 Invoke: Torment           |       |       |       |       |     1 ||     1
         Brand Weapon With |       |       |       |       |     1 ||     1
    Use: Scroll            |       |     8 |    10 |     1 |     6 ||    25
         Potion            |       |     1 |     8 |     7 |     8 ||    24
   Stab: Sleeping          |     2 |       |       |       |       ||     2
         Held in net/web   |       |       |       |    13 |       ||    13
         Distracted        |       |       |       |       |     4 ||     4
 Armour: Leather armour    |    42 |       |       |       |       ||    42
         Chain mail        |    30 |   152 |   190 |   281 |   261 ||   914
         Skin              |       |       |       |     9 |       ||     9
         Fire dragon scale |       |       |       |       |    80 ||    80
         Steam dragon scal |       |       |       |       |    37 ||    37
  Dodge: Dodged            |    54 |   175 |   312 |   381 |   394 ||  1316

Levels and vault maps discovered:
D:1:      dpeg_arrival_court, layout_basic
D:2:      layout_loops_ring, basic_altar, dreamdust_mushroom_princess,
          uniq_jessica
D:3:      layout_rooms, mainiacjoe_overflow_boulevard, elyvilon_altar_1,
          portal_sewer_entry_a, minmay_pentomino_pile
D:4:      layout_loops_ring, nicolae_qazlal_style_of_elements,
          minmay_temple_entry_overgrown, gup_ossuary_entry_pyramid
D:5:      layout_basic, hellmonk_ghost_happy_afterlife,
          nicolae_nh_oracle_at_delphi
D:6:      layout_basic, nemelex_diamond_rough_becter, uniq_eustachio
D:7:      layout_layer_cave, pdpol_wu_jian_five_deadly_venoms, zin_statuary,
          serial_shops, shop
D:8:      kennysheep_ambush_hall, layout_loops_ring,
          nicolae_tso_besieged_by_evil,
          chequers_temple_overflow_statue_of_worship, enter_bailey_3,
          minmay_gold_behind_fungi, uniq_amaemon
D:9:      layout_roguey, minmay_fire_ice_demons
D:10:     layout_roguey, dpeg_oklobed_lair
D:11:     layout_loops_ring, david_orc_5, nicolae_fort_ynox
Temple:   cyrus_circular_temple
Lair:1:   layout_hall_layers, gammafunk_ghost_split, worms_lemuel,
          grunt_megastairs_5
Lair:2:   layout_cave_pods, nzn_masters_of_martial_movement
Lair:3:   layout_loops_ring, elwin_shoals_entry_stream,
          minmay_snake_entry_guardpost_medium, uniq_gastronok, uniq_kirke
Lair:4:   layout_regular_city, dpeg_slime_entry_corner, st_stairs_12,
          nicolae_quartered_pool_medium, kennysheep_basilisk_garden,
          grunt_megastairs_3, serial_bayou_shore_a
Lair:5:   cheibrodos_lair_end_hotspot, layout_gridlike,
          nicolae_volcano_entry_batcave
Orc:1:    layout_diamond_mine, portal_ice_cave_demonic_guard,
          gammafunk_ghost_arena, basic_altar, uniq_urug, uniq_fannar
